 Dungeon Crawl Stone Soup version 0.31-a0-978-g1e143483b6 (webtiles) character file.

Game seed: 2197883080392839794

193 Arzdou the Changeling (level 5, 0/33 HPs)
             Began as an Octopode Shapeshifter on Oct 30, 2023.
             Succumbed to a killer bee's poison
             ... on level 4 of the Dungeon.
             The game lasted 00:06:16 (3129 turns).

Arzdou the Changeling (Octopode Shapeshifter)       Turns: 3129, Time: 00:06:17

Health: 0/33       AC:  1    Str: 13 (14) XL:     5   Next: 72%
Magic:  1/5        EV: 13    Int:  9 (12) God:
Gold:   182        SH:  0    Dex:  9 (13) Spells: 4/4 levels left

rFire   . . .        a - +3 dagger (elec)
rCold   + . .        (no shield)
rNeg    . . .        (helmet currently unavailable)
rPois   .            q - amulet of the Silly God {Spirit +Blink}
rElec   .            p - ring of protection from cold
rCorr   .            (no ring)
SInv    .            (no ring)
Will    .....        (no ring)
Stlth   ++           (no ring)
HPRegen 0.25/turn    (no ring)
MPRegen 0.09/turn    (no ring)
                     (no ring)

%: guardian spirit
@: lethally poisoned (0 -> -7), beast-form
A: beast (slay +3), almost no armour, amphibious, 8 rings, camouflage 1,
gelatinous body 1, (nimble swimmer 1), tentacles
a: Begin Untransformation, Evoke Blink


You were on level 4 of the Dungeon.
You were a hulking beast.
You visited 1 branch of the dungeon, and saw 4 of its levels.

You collected 182 gold pieces.

Inventory:

Hand Weapons
 a - a +3 dagger of electrocution (weapon)
 b - a +0 longbow
Armour
 j - a +0 kite shield
 u - a +1 hat
Jewellery
 d - a ring of fire
 n - an amulet of faith
 p - a ring of protection from cold (left tentacle)
 q - the amulet of the Silly God (around mantle) {Spirit +Blink}
   (You found it on level 2 of the Dungeon)

   [amulet of guardian spirit]

   Spirit:    It causes incoming damage to be divided between your reserves of
   health and magic.
   +Blink:    It lets you blink.
Talismans
 c - a flux talisman
 k - a beast talisman
Wands
 f - a wand of acid (3)
 s - a wand of polymorph (7)
Scrolls
 g - 3 scrolls of identify
 h - 2 scrolls of revelation
 i - a scroll of enchant armour
 m - 5 scrolls of teleportation


   Skills:
 - Level 1.0 Fighting
 - Level 2.0 Dodging
 - Level 3.0 Unarmed Combat
 + Level 5.8 Shapeshifting


You had 4 spell levels left.
You didn't know any spells.
Your spell library was empty.

Dungeon Overview and Level Annotations

Branches:
Dungeon (4/15)
 Temple: D:4-7

Altars:
Nemelex Xobeh
Ru


Innate Abilities, Weirdness & Mutations

You are a hulking beast.
Your limbs bulge with bestial killing power. (Slay +3)
You cannot wear most types of armour.
You are amphibious.
You can wear up to eight rings at the same time.
Your skin changes colour to match your surroundings (Stealth+).
Your rubbery body absorbs attacks. (AC +1, EV +1)
((You are camouflaged when in or above water. (Stealth+)))
You have tentacles for arms and can constrict up to eight enemies at once.


Message History

The goblin closely misses you.
You hit the goblin.
You kill the goblin!
Things that are here:
a +0 dagger; a +0 club; a kobold corpse
Found a scroll of identify.
You hit the kobold.
You kill the kobold!
Things that are here:
a +0 dagger; 5 stones; a kobold corpse
There is an open door here.
The killer bee attacks as it pursues you!
The killer bee closely misses you. The killer bee stings you!
The killer bee stings you.
You are poisoned.
The killer bee poisons you!
Things that are here:
a +0 dagger; a +0 club; a kobold corpse You feel sick.
The killer bee attacks as it pursues you!
The killer bee stings you.
You are more poisoned.
The killer bee poisons you! The killer bee stings you.
Okay, then.
As you read the scroll labelled CAMIRI LOPEWK, it crumbles to dust.
You feel aware of your surroundings.
It was a scroll of revelation.
* * * LOW HITPOINT WARNING * * *
You feel very sick. The killer bee stings you.
* * * LOW HITPOINT WARNING * * *
The killer bee barely misses you.
It was a potion of degeneration.
There was something very wrong with that liquid.
You feel weakened.
You feel dopey.
You feel clumsy.
* * * LOW HITPOINT WARNING * * *
You feel very sick. The killer bee stings you.
The killer bee closely misses you.
Unknown command.
You miss the killer bee. Your grab misses the killer bee.
You die...

.P..(>..#*,...##### #.....,,*
.......###.##.....######...##*,*
⌠.....###..###P≈≈P#####..#..##,**
#######...####.≈≈.####..###..#,,*
**....*####....P.)$#.##(##.##.,
###..#***####.......w...'.#.....,
.<..#* ####...S....#.##.##.#..,
.###############y#..####...####.,
#.........######h#.##=...$...?##,
#.......(.######.#.)####...####.,
#.........#####..##..#.##.##.#..,
#.........###...####....#.#.....,
#.........##..########.##[##...^*
#............#########..###...#**
..........#############..#....#
#####.##..##############...####
#####.###.### #####


You could see a killer bee and an adder.

Vanquished Creatures
  A quasit (D:4)
  5 adders
  A white imp (D:4)
  2 ufetubi
  6 worms
  A dart slug (D:1)
  6 orcs
  9 ball pythons
  2 endoplasms (D:1)
  5 giant cockroaches
  6 goblins
  8 hobgoblins
  3 jackals (D:4)
  4 quokkas
  2 bats
  8 kobolds
  3 rats
72 creatures vanquished.

Notes
Turn   | Place    | Note
-------+----------+-------------------------------------------
     0 | D:1      | Arzdou the Octopode Shapeshifter began the quest for the
                  | Orb.
     0 | D:1      | Reached XP level 1. HP: 13/13 MP: 1/1
   128 | D:1      | Reached XP level 2. HP: 5/18 MP: 2/2
   709 | D:2      | Reached XP level 3. HP: 16/23 MP: 3/3
   787 | D:2      | Reached skill level 4 in Shapeshifting
   921 | D:2      | Found a faded altar of an unknown god.
  1146 | D:2      | Reached XP level 4. HP: 28/28 MP: 4/4
  1362 | D:2      | Identified the amulet of the Silly God {Spirit +Blink}
  1834 | D:3      | Reached skill level 5 in Shapeshifting
  2088 | D:3      | Reached XP level 5. HP: 33/33 MP: 5/5
  2507 | D:3      | Found a sparkling altar of Nemelex Xobeh.
  2512 | D:3      | Found a sacrificial altar of Ru.
  3129 | D:4      | Succumbed to a killer bee's poison

Illustrated notes

Levels and vault maps discovered:
D:1:      scummos_arrival_hexagon, layout_basic
D:2:      layout_rooms, dreamdust_ecumenical_altar_hidden_monk_grotto,
          serial_co_window_serial, co_window_paths_b, co_window_paths_a,
          co_window_corner_a, co_window_corner_a, co_window_corner_a,
          co_window_of_opportunity_b, co_window_corner_b, co_window_corner_ca,
          co_window_broadway_a, co_window_corner_cb, co_window_corner_cb,
          co_window_corner_ca, co_window_4corner_b, glass_columns_c,
          glass_columns_b, glass_columns_a, glass_columns_a, minmay_unequal
D:3:      corexii_shack_village, layout_loops_cross, minitemple
D:4:      layout_rooms, serial_demonic, serial_demonic_f, serial_demonic_b,
          serial_demonic_a, serial_demonic_b, serial_demonic_c,
          serial_demonic_e, serial_demonic_g, minmay_misc_feat_four_crosses,
          minmay_fractal_squares_gapless_5

Skill      XL: |  1  2  3  4 |
---------------+-------------+-----
Shapeshifting  | 4 5 |  5.8
Fighting       | |  1.0
Dodging        | |  2.0
Unarmed Combat | |  3.0

Action                     |  1- 3 |  4- 6 || total
---------------------------+-------+-------++-------
  Melee: Unarmed           |    20 |       ||    20
         Constrict         |    17 |    18 ||    35
         Tentacles         |     9 |    15 ||    24
         Punch             |     2 |       ||     2
         Dagger            |    33 |    85 ||   118
   Fire: Sling             |     5 |       ||     5
         Longbow           |       |     6 ||     6
  Throw: Stone             |       |     2 ||     2
    Use: Scroll            |       |    12 ||    12
         Potion            |       |     2 ||     2
   Stab: Sleeping          |     3 |     7 ||    10
         Distracted        |       |     1 ||     1
 Armour: Skin              |    21 |   124 ||   145
  Dodge: Dodged            |    32 |    68 ||   100

Table legend: (Time is in decaauts)
 A = Elapsed time spent in this place.
 B = Non-inter-level travel time spent in this place.
 C = Inter-level travel time spent in this place.
 D = Time resting spent in this place.
 E = Time spent auto-exploring this place.
 F = Levels seen in this place.
 G = Mean time per level.
                   A        B        C        D        E       F      G
               +--------+--------+--------+--------+--------+-----+--------+
         Total |   3133 |   2864 |    269 |    141 |   2171 |   4 |  783.2 |
       Dungeon |   3133 |   2864 |    269 |    141 |   2171 |   4 |  783.2 |
               +--------+--------+--------+--------+--------+-----+--------+

Top non-repeatable levels by time:
     D:3: 1123 daAuts
     D:2: 984 daAuts
     D:1: 665 daAuts
     D:4: 359 daAuts
